 Dungeon Crawl Stone Soup version 0.31-a0-881-ge136f0c47a (webtiles) character file.

Game seed: 71128606156633785

291 Shayle the Ruffian (level 6, -1/47 HPs)
             Began as a Human Shapeshifter on Oct 15, 2023.
             Slain by Pikel
             ... wielding a +1 whip of flaming
              (4 damage)
             ... on level 3 of the Dungeon on Oct 16, 2023.
             The game lasted 00:06:50 (2677 turns).

Shayle the Ruffian (Human Shapeshifter)             Turns: 2677, Time: 00:06:51

Health: -1/47      AC:  5    Str: 14    XL:     6   Next: 59%
Magic:  6/6        EV: 12    Int: 12    God:
Gold:   173        SH:  0    Dex: 19    Spells: 5/5 levels left

rFire   . . .        e - +2 dagger (venom)
rCold   . . .        (no shield)
rNeg    . . .        f - +0 ring mail
rPois   .            (helmet currently unavailable)
rElec   .            (cloak currently unavailable)
rCorr   .            (gloves currently unavailable)
SInv    .            (boots currently unavailable)
Will    .....        (no amulet)
Stlth   +            g - +6 ring of dexterity
HPRegen 0.27/turn    (no ring)
MPRegen 0.10/turn

%: no passive effects
@: beast-form
A: beast (slay +2)
a: Begin Untransformation


You were on level 3 of the Dungeon.
You were a hulking beast.
You visited 1 branch of the dungeon, and saw 4 of its levels.

You collected 173 gold pieces.

Inventory:

Hand Weapons
 e - a +2 dagger of venom (weapon)
Armour
 a - a +0 animal skin
 f - a +0 ring mail (worn)
 j - a +1 pair of gloves
 m - a +0 kite shield
Jewellery
 g - a +6 ring of dexterity (left hand)
Talismans
 c - a beast talisman (active)
 d - a flux talisman
Wands
 k - a wand of flame (19)
Scrolls
 h - a scroll of identify
 l - a scroll of fog
Potions
 i - a potion of mutation


   Skills:
 + Level 3.1 Fighting
 + Level 3.6 Dodging
 + Level 4.2 Unarmed Combat
 + Level 4.1 Shapeshifting


You had 5 spell levels left.
You didn't know any spells.
Your spell library was empty.

Dungeon Overview and Level Annotations

Branches:
Dungeon (4/15)
 Temple: D:4-7

Altars:
Elyvilon
Makhleb
Okawaru

Annotations:
D:3 Pikel


Message History

The lemure is lightly wounded.
The lemure closely misses you. Pikel closely misses you.
You closely miss the lemure.
The lemure is lightly wounded.
The lemure barely misses you.
Pikel hits you with a +1 whip of flaming.
Pikel burns you.
You hit the lemure.
The lemure is poisoned.
The lemure is lightly wounded.
The lemure hits you but does no damage.
Pikel hits you with a +1 whip of flaming!
* * * LOW HITPOINT WARNING * * *
Pikel burns you.
* * * LOW HITPOINT WARNING * * *
You feel better. The lemure misses you. Pikel barely misses you.
Okay, then.
You hit Pikel.
Pikel looks as sick as possible!
Pikel is heavily wounded.
The lemure hits you.
Pikel hits you with a +1 whip of flaming!
* * * LOW HITPOINT WARNING * * *
Pikel burns you.
* * * LOW HITPOINT WARNING * * *
You feel better. The lemure closely misses you.
Pikel hits you with a +1 whip of flaming.
* * * LOW HITPOINT WARNING * * *
Pikel burns you.
* * * LOW HITPOINT WARNING * * *
Unknown command.
Okay, then.
Aiming: Throw Flame
Press: ? - help, Shift-Dir - straight line, f - Pikel
Aim: Pikel, wielding a +1 whip of flaming and wearing a +0 robe (heavily wounded, extremely poisoned, 60% to hit)
The puff of flame hits Pikel.
Pikel is severely wounded.
The lemure hits you.
* * * LOW HITPOINT WARNING * * *
Pikel hits you with a +1 whip of flaming.
You die...
Pikel says, "Another soul for the market."

..####.###†#########...## #.#
^.......##†##.........).#######.#
........##.##.#####..##.........#
##.........##.# ######'''#######
#......#..##.# #...'.....'...#.
#......#.....## #._.'.PPP.'._.#.
#......##.##..# #...'.....'...#.
#......##.##[.########'''######.
#########.##..Kh5........# #...
#.##.##########.## ###' #.##.#
#.# #. #.##.# #.# #. #.##.# #.#
#. #.##.# #.#######. #.##.#
#)##...... #....# #.##.#####
###############.##.#


You could see Pikel (extremely poisoned) and a lemure (poisoned).

Vanquished Creatures
  Sigmund (D:2)
  6 adders
  3 worms
  3 dart slugs
  2 orcs (D:3)
  3 endoplasms
  4 giant cockroaches
  11 goblins
  5 hobgoblins
  2 quokkas (D:3)
  2 ball pythons
  5 bats
  3 frilled lizards
  4 kobolds (D:1)
  10 rats
64 creatures vanquished.

Notes
Turn   | Place    | Note
-------+----------+-------------------------------------------
     0 | D:1      | Shayle the Human Shapeshifter began the quest for the Orb.
     0 | D:1      | Reached XP level 1. HP: 15/15 MP: 1/1
   157 | D:1      | Reached XP level 2. HP: 17/21 MP: 2/2
   307 | D:1      | Reached XP level 3. HP: 26/26 MP: 3/3
   949 | D:2      | Noticed Sigmund
   984 | D:2      | Killed Sigmund
   985 | D:2      | Reached XP level 4. HP: 6/34 MP: 4/4
   985 | D:2      | Reached XP level 5. HP: 7/39 MP: 5/5
   985 | D:2      | Reached XP level 6. HP: 9/46 MP: 6/6
  1271 | D:2      | Found a faded altar of an unknown god.
  1948 | D:3      | Found a white marble altar of Elyvilon.
  2190 | D:3      | Found a burning altar of Makhleb.
  2196 | D:3      | Found an iron altar of Okawaru.
  2664 | D:4      | Noticed Pikel
  2677 | D:3      | Slain by Pikel

Illustrated notes

Levels and vault maps discovered:
D:1:      minmay_arrival_wavy_path, layout_loops_ring
D:2:      cheibrodos_helix_gallery, layout_basic,
          hellmonk_ecumenical_altar_pennies_from_heaven, uniq_sigmund
D:3:      layout_basic, mainiacjoe_overflow_small_starburst,
          mainiacjoe_overflow_big_doors
D:4:      layout_gridville, minmay_temple_entry_tees, uniq_pikel

Skill      XL: |  1  2  3  4  5  6 |
---------------+-------------------+-----
Fighting       | 2 3 |  3.1
Dodging        | 3 |  3.6
Unarmed Combat | 4 |  4.2
Shapeshifting  | 4 |  4.1

Action                     |  1- 3 |  4- 6 || total
---------------------------+-------+-------++-------
  Melee: Unarmed           |    48 |       ||    48
         Dagger            |    62 |    95 ||   157
         Punch             |     2 |     3 ||     5
  Evoke: Wand              |       |     1 ||     1
    Use: Potion            |     3 |     2 ||     5
         Scroll            |     4 |     2 ||     6
 Armour: Animal skin       |    26 |       ||    26
         Skin              |    12 |       ||    12
         Ring mail         |     8 |    66 ||    74
  Dodge: Dodged            |    44 |    47 ||    91

Table legend: (Time is in decaauts)
 A = Elapsed time spent in this place.
 B = Non-inter-level travel time spent in this place.
 C = Inter-level travel time spent in this place.
 D = Time resting spent in this place.
 E = Time spent auto-exploring this place.
 F = Levels seen in this place.
 G = Mean time per level.
                   A        B        C        D        E       F      G
               +--------+--------+--------+--------+--------+-----+--------+
         Total |   2676 |   2572 |    104 |    223 |   1691 |   4 |  669.0 |
       Dungeon |   2676 |   2572 |    104 |    223 |   1691 |   4 |  669.0 |
               +--------+--------+--------+--------+--------+-----+--------+

Top non-repeatable levels by time:
     D:3: 916 daAuts
     D:2: 907 daAuts
     D:1: 850 daAuts
     D:4: 2 daAuts
